 Dungeon Crawl Stone Soup version 0.26.1-2-gb8aa6d0cf2 (webtiles) character file.

Game seed: 3193170200294480151

32 Descartes the Grasshopper (level 3, -4/19 HPs)
             Began as a Deep Elf Wanderer on Mar 2, 2021.
             Killed by divine providence
             ... invoked by an orc priest
              (10 damage)
             ... on level 2 of the Dungeon.
             The game lasted 00:04:13 (1832 turns).

Descartes the Grasshopper (Deep Elf Wanderer)       Turns: 1832, Time: 00:04:14

Health: -4/19      AC:  5    Str:  6    XL:     3   Next: 10%
Magic:  1/9        EV: 11    Int: 19    God:
Gold:   19         SH:  0    Dex: 15    Spells: 6/8 levels left

rFire    . . .     SeeInvis .   a - +0 dagger
rCold    . . .     Faith    .   (no shield)
rNeg     . . .     Spirit   .   d - +0 robe
rPois    .         Reflect  .   (no helmet)
rElec    .         Harm     .   (no cloak)
rCorr    .         Rampage  .   i - +2 pair of gloves
Will     .....                  (no boots)
Stlth    +.........             b - amulet of inaccuracy (curse)
HPRegen  0.06/turn              (no ring)
MPRegen  0.11/turn              (no ring)

@: no status effects
A: no striking features
a: no special abilities


You were on level 2 of the Dungeon.
You visited 1 branch of the dungeon, and saw 2 of its levels.

You collected 19 gold pieces.

Inventory:

Hand Weapons
 a - a +0 dagger (weapon)
Missiles
 e - 26 stones (quivered)
 f - 17 arrows
Armour
 d - a +0 robe (worn)
 i - a +2 pair of gloves (worn)
Jewellery
 b - a cursed amulet of inaccuracy (around neck)
Scrolls
 c - a scroll of teleportation
Potions
 h - 3 potions of curing


   Skills:
 - Level 1.0 Shields
 - Level 3.0 Spellcasting
 - Level 2.1 Conjurations
 + Level 2.7 Necromancy
 - Level 3.2 Translocations
 + Level 2.1 Earth Magic
 - Level 1.1 Evocations


You had 6 spell levels left.
You knew the following spells:

 Your Spells              Type           Power        Failure   Level
a - Pain                  Necr           52%          4%          1
b - Sandblast             Erth           20%          6%          1

Your spell library contained the following spells:

 Spells                   Type           Power        Failure   Level
 Animate Skeleton         Necr           26%          4%          1
 Vampiric Draining        Necr           6%           14%         3
 Stone Arrow              Conj/Erth      22%          19%         3
 Animate Dead             Necr           6%           43%         4
 Agony                    Necr           13%          80%         5


Dungeon Overview and Level Annotations

Branches:
Dungeon (2/15)

Altars:


Message History

You are too injured to fight recklessly!
You are too injured to fight recklessly!
Casting: Pain (safe; 4% risk of failure)
Confirm with . or Enter, or press ? or * to list all spells.
You don't have enough magic to cast that spell.
Unknown command.
Casting: Pain (safe; 4% risk of failure)
Confirm with . or Enter, or press ? or * to list all spells.
You don't have enough magic to cast that spell.
Unknown command.
Casting: Pain (safe; 4% risk of failure)
Confirm with . or Enter, or press ? or * to list all spells.
You don't have enough magic to cast that spell.
Unknown command.
Your magical contamination has completely faded away.
A leopard gecko comes into view.
The orc priest mumbles some strange prayers to Beogh against you.
Beogh smites you!
Ouch! That really hurt!
You die...

*,*,,###....#,* *,,,,,,,,
*,*,,,......#,* *******,* ###
*,#.####.#.##.# *,,,* ..#
*,#......†)(..# *,,,,
..#######*######.#######*********
........# ######........,,,,,,,,,
........###.....o#######*********
..........'......+,,,,,,,,,,,,*
..........#.....@#***********,*
..........#######.......,* *,*
..........# *.......,* *,*
.#####....# *....<..,* *,* .#
#....# *.......,* *,* .# #....#
*...)...,****,* .# #....#
*.......,**,,,* .# #....#
*...l!..,**,*** .# #....#
*,,,,,,,,+,,*


You could see an orc priest and a leopard gecko (asleep).

Vanquished Creatures
  An ooze (D:2)
  A dart slug (D:1)
  2 orcs (D:2)
  6 goblins (D:1)
  A hobgoblin (D:1)
  7 kobolds
  3 bats
  2 rats (D:1)
23 creatures vanquished.

Notes
Turn   | Place    | Note
-------+----------+-------------------------------------------
     0 | D:1      | Descartes the Deep Elf Wanderer began the quest for the
                  | Orb.
     0 | D:1      | Descartes set off with the following items: a +0 dagger, a
                  | scroll of teleportation, a +0 robe; and the following
                  | spells available to memorise: Animate Skeleton, Pain,
                  | Sandblast, Stone Arrow, Vampiric Draining, Animate Dead,
                  | Agony
     0 | D:1      | Reached XP level 1. HP: 10/10 MP: 6/6
     2 | D:1      | Learned a level 1 spell: Pain
     4 | D:1      | Learned a level 1 spell: Sandblast
   497 | D:1      | Reached skill level 1 in Earth Magic
   546 | D:1      | Reached XP level 2. HP: 2/15 MP: 4/8
  1687 | D:2      | Reached XP level 3. HP: 14/19 MP: 3/9
  1832 | D:2      | Killed from afar by an orc priest

Illustrated notes

Levels and vault maps discovered:
D:1:      dpeg_arrival_line_fractal, layout_basic
D:2:      layout_basic, minmay_tiny_reverse_x

Skill      XL: |  1  2 |
---------------+-------+-----
Earth Magic    | 1 2 |  2.1
Necromancy     | 2 |  2.7
Shields        | |  1.0
Spellcasting   | |  3.0
Conjurations   | |  2.1
Translocations | |  3.2
Evocations     | |  1.1

Action                   || total
-------------------------++-------
Melee: Dagger            ||     3
 Cast: Pain              ||    55
  Use: Scroll            ||     2
Armor: Robe              ||     2
Dodge: Dodged            ||    10
